 Dungeon Crawl Stone Soup version 0.28.0-47-ge53b351184 (webtiles) character file.

Game seed: 14958711195102660237

144 Kangaroobicon the Sneak (level 5, -3/43 HPs)
             Began as a Gnoll Brigand on Apr 27, 2022.
             Was an Initiate of Makhleb.
             Slain by a gnoll sergeant
             ... wielding a +4 trident of venom
              (10 damage)
             ... on level 4 of the Dungeon.
             The game lasted 00:21:17 (2739 turns).

Kangaroobicon the Sneak (Gnoll Brigand)             Turns: 2739, Time: 00:21:17

Health: -3/43      AC:  4    Str: 12    XL:     5   Next: 26%
Magic:  7/7        EV:  7    Int: 10    God:    Makhleb [......]
Gold:   155        SH:  0    Dex: 14    Spells: 6/6 levels left

rFire   + . .      SeeInvis .   t - +2 dagger (chaos)
rCold   . . .      Faith    .   (no shield)
rNeg    . . .      Spirit   .   f - +0 robe {rF+}
rPois   .          Reflect  .   (no helmet)
rElec   .          Harm     .   c - +0 cloak
rCorr   .          Rampage  .   o - +0 pair of gloves
Will    .....                   (no boots)
Stlth   ++++......              (no amulet)
HPRegen 0.14/turn               (no ring)
MPRegen 0.10/turn               (no ring)

@: lethally poisoned (-3 -> -6), held
A: fangs 1, strong nose, distributed training
a: Renounce Religion


You were on level 4 of the Dungeon.
You worshipped Makhleb.
Makhleb was noncommittal.
You visited 1 branch of the dungeon, and saw 4 of its levels.

You collected 155 gold pieces.

Inventory:

Hand Weapons
 a - a +2 dagger
 g - a +1 whip of draining
 t - a +2 dagger of chaos (weapon)
Missiles
 d - 8 poisoned darts (quivered)
 e - 2 curare-tipped darts
 h - 20 bolts
 i - 113 stones
 s - 36 arrows
Armour
 c - a +0 cloak (worn)
 f - a +0 robe of fire resistance (worn)
 o - a +0 pair of gloves (worn)
Wands
 p - a wand of mindburst (19)
Scrolls
 j - 2 scrolls of identify
 l - a scroll of fear {unknown}
 r - 2 scrolls of enchant weapon {unknown}
Potions
 b - a potion of ambrosia {unknown}
 k - a potion of heal wounds {unknown}
 m - 3 potions of mutation
 n - a potion of resistance {unknown}
 q - a potion of flight {unknown}
 u - 2 potions of lignification {unknown}
 v - 2 potions of brilliance {unknown}


   Skills:
 + Level 4.7 Fighting
 + Level 4.7 Short Blades
 + Level 1.4 Long Blades
 + Level 1.4 Axes
 + Level 1.4 Maces & Flails
 + Level 1.4 Polearms
 + Level 1.4 Staves
 + Level 1.4 Slings
 + Level 1.4 Bows
 + Level 1.4 Crossbows
 + Level 4.7 Throwing
 + Level 1.4 Armour
 + Level 2.9 Dodging
 + Level 7.9 Stealth
 + Level 1.4 Shields
 + Level 1.4 Unarmed Combat
 + Level 1.4 Spellcasting
 + Level 1.1 Conjurations
 + Level 1.1 Hexes
 + Level 1.1 Summonings
 + Level 1.1 Necromancy
 + Level 1.1 Translocations
 + Level 1.1 Transmutations
 + Level 1.1 Fire Magic
 + Level 1.1 Ice Magic
 + Level 1.1 Air Magic
 + Level 1.1 Earth Magic
 + Level 1.1 Poison Magic
 + Level 1.6 Invocations
 + Level 1.4 Evocations


You had 6 spell levels left.
You didn't know any spells.
Your spell library contained the following spells:

 Spells                   Type           Power      Damage    Failure   Level
 Static Discharge         Conj/Air       3%         N/A       30%         2
 Lightning Bolt           Conj/Air       1%         1d12      99%         5
 Maxwell's Capacitive Co  Air            1%         ∞         100%        8


Dungeon Overview and Level Annotations

Branches:
Dungeon (4/15)             Temple (0/1) D:4

Altars:
Makhleb
Xom


Innate Abilities, Weirdness & Mutations

You have very sharp teeth.
Your uncanny sense of smell can sniff out nearby items.
Your experience applies equally to all skills.


Message History

The helpless kobold fails to defend itself.
You stick the kobold like a pincushion!!!
You kill the kobold!
Makhleb accepts your kill.
You see here a +0 club.
A hobgoblin comes into view.
You see here 11 gold pieces.
The helpless hobgoblin fails to defend itself.
You stick the hobgoblin like a pincushion!!!
You kill the hobgoblin!
Makhleb accepts your kill.
You now have 155 gold pieces (gained 11).
A gnoll comes into view. It is wielding a +0 flail.
A gnoll sergeant and 3 gnolls come into view.
The gnoll sergeant is wielding a +4 trident of venom and wearing a +2 scale mail of fire resistance.
You catch the helpless gnoll sergeant completely off-guard!
You puncture the gnoll sergeant! You burn the gnoll sergeant.
The gnoll shouts! x2
Your bite misses the gnoll sergeant.
The gnoll sergeant is severely wounded.
The gnoll sergeant barely misses you.
A gnoll comes into view. It is wielding a +2 flail of venom.
The gnoll sergeant blocks your attack.
The gnoll sergeant is severely wounded.
The gnoll sergeant barely misses you.
The gnoll sergeant hits you from afar with a +4 trident of venom!
You are poisoned.
You feel sick.
The gnoll throws a throwing net.
The throwing net hits you.
You become entangled in the net!
You see here a throwing net.
You struggle against the net.
You feel sick.
The gnoll shouts!
The gnoll sergeant hits you from afar with a +4 trident of venom!
* * * LOW HITPOINT WARNING * * *
You struggle against the net.
You feel sick.
The gnoll sergeant hits you from afar with a +4 trident of venom.
* * * LOW HITPOINT WARNING * * *
You struggle against the net.
You feel sick. The gnoll barely misses you.
The gnoll sergeant hits you from afar with a +4 trident of venom!
You die...

........##.# #.##.##†#.#.
...........# #.##.##.#.#. #...#
#.##.##..... #...#
####.##.####.#. ##
#..g########....##.####.#. .##
#....gg.gg##............#.
..######...#####g##..####.#.....#
...............g.##..####.#.....#
......^......g.g@##..#...........
........................#.#......
..######.......#........#.#......
..#### #...###....#.......######.
.....# #...# ####.##.##.### #.
#.##.# #...# #.##.##.# #. ..##.#
#...# #.......# ## #.##.###...###
####.############ ...[.#.......#
#.#####..÷#...


You could see a gnoll sergeant and 5 gnolls.

Vanquished Creatures
  A crimson imp (D:3)
  A bullfrog skeleton (D:4)
  2 adders (D:3)
  4 orcs
  4 ball pythons
  7 endoplasms
  A giant cockroach (D:3)
  8 goblins
  5 hobgoblins
  7 kobolds
  4 quokkas
  A bat (D:2)
  4 frilled lizards
  8 rats
57 creatures vanquished.

Notes
Turn   | Place    | Note
-------+----------+-------------------------------------------
     0 | D:1      | Kangaroobicon the Gnoll Brigand began the quest for the
                  | Orb.
     0 | D:1      | Reached XP level 1. HP: 20/20 MP: 1/1
    96 | D:1      | Found a faded altar of an unknown god.
   139 | D:1      | Reached XP level 2. HP: 26/26 MP: 2/2
   590 | D:1      | Reached XP level 3. HP: 31/31 MP: 3/3
  1377 | D:2      | Reached skill level 1 in Invocations
  1738 | D:3      | Reached skill level 1 in Long Blades
  1738 | D:3      | Reached skill level 1 in Axes
  1738 | D:3      | Reached skill level 1 in Maces & Flails
  1738 | D:3      | Reached skill level 1 in Polearms
  1738 | D:3      | Reached skill level 1 in Staves
  1738 | D:3      | Reached skill level 1 in Slings
  1738 | D:3      | Reached skill level 1 in Bows
  1738 | D:3      | Reached skill level 1 in Crossbows
  1738 | D:3      | Reached skill level 1 in Armour
  1738 | D:3      | Reached skill level 1 in Shields
  1738 | D:3      | Reached skill level 1 in Unarmed Combat
  1738 | D:3      | Reached skill level 1 in Spellcasting
  1738 | D:3      | Reached skill level 1 in Evocations
  1738 | D:3      | Reached XP level 4. HP: 18/38 MP: 5/5
  2271 | D:3      | Found a shimmering altar of Xom.
  2271 | D:3      | Found a burning altar of Makhleb.
  2275 | D:3      | Reached skill level 1 in Conjurations
  2275 | D:3      | Reached skill level 1 in Hexes
  2275 | D:3      | Reached skill level 1 in Summonings
  2275 | D:3      | Reached skill level 1 in Necromancy
  2275 | D:3      | Reached skill level 1 in Translocations
  2275 | D:3      | Reached skill level 1 in Transmutations
  2275 | D:3      | Reached skill level 1 in Fire Magic
  2275 | D:3      | Reached skill level 1 in Ice Magic
  2275 | D:3      | Reached skill level 1 in Air Magic
  2275 | D:3      | Reached skill level 1 in Earth Magic
  2275 | D:3      | Reached skill level 1 in Poison Magic
  2279 | D:3      | Became a worshipper of Makhleb the Destroyer
  2358 | D:4      | Reached XP level 5. HP: 40/43 MP: 5/7
  2418 | D:4      | Found a staircase to the Ecumenical Temple.
  2739 | D:4      | Slain by a gnoll sergeant

Illustrated notes

Levels and vault maps discovered:
D:1:      zelgadis_glass_arrival_small, layout_loops_ring,
          shapermc_ecumenical_altar_venn
D:2:      layout_loops_ring, serial_bayou_ford_a
D:3:      layout_basic, grunt_temple_overflow_champion_of_chaos
D:4:      layout_loops_cross, temple_statues, glass_columns_a, uniq_grinder,
          uniq_duvessa

Skill      XL: |  1  2  3  4 |
---------------+-------------+-----
Invocations    | 1 |  1.6
Long Blades    | 1 |  1.4
Axes           | 1 |  1.4
Maces & Flails | 1 |  1.4
Polearms       | 1 |  1.4
Staves         | 1 |  1.4
Slings         | 1 |  1.4
Bows           | 1 |  1.4
Crossbows      | 1 |  1.4
Armour         | 1 |  1.4
Shields        | 1 |  1.4
Unarmed Combat | 1 |  1.4
Spellcasting   | 1 |  1.4
Evocations     | 1 |  1.4
Conjurations   | 1 |  1.1
Hexes          | 1 |  1.1
Summonings     | 1 |  1.1
Necromancy     | 1 |  1.1
Translocations | 1 |  1.1
Transmutations | 1 |  1.1
Fire Magic     | 1 |  1.1
Ice Magic      | 1 |  1.1
Air Magic      | 1 |  1.1
Earth Magic    | 1 |  1.1
Poison Magic   | 1 |  1.1
Fighting       | |  4.7
Short Blades   | |  4.7
Throwing       | |  4.7
Dodging        | |  2.9
Stealth        | |  7.9

Action                   |  1- 3 |  4- 6 || total
-------------------------+-------+-------++-------
Melee: Dagger            |    91 |    27 ||   118
       Bite              |     6 |       ||     6
Throw: Dart              |     3 |     4 ||     7
  Use: Scroll            |     1 |       ||     1
 Stab: Sleeping          |    19 |    10 ||    29
       Distracted        |       |     1 ||     1
Armor: Robe              |    12 |     3 ||    15
Dodge: Dodged            |    29 |    10 ||    39
